 Dungeon Crawl Stone Soup version 0.32-a0-433-g08bcfe7efd (webtiles) character file.

Game seed: 7877019133827537996

1131 Liquidunit the Trooper (level 8, -2/71 HPs)
             Began as a Minotaur Berserker on Dec 23, 2022.
             Was a Believer of Trog.
             Slain by Menkaure (17 damage)
             ... on level 6 of the Dungeon on Feb 23, 2024.
             The game lasted 00:07:55 (5249 turns).

Liquidunit the Trooper (Minotaur Berserker)         Turns: 5249, Time: 00:07:56

Health: -2/71      AC: 11    Str: 22    XL:     8   Next: 13%
Magic:  7/7        EV: 10    Int:  6    God:    Trog [**....]
Gold:   310        SH:  0    Dex: 10    Spells: 7/7 levels left

rFire   . . .        q - +3 halberd (freeze)
rCold   + . .        (shield currently unavailable)
rNeg    . . .        d - +0 chain mail {rC+}
rPois   .            (helmet restricted)
rElec   .            (no cloak)
rCorr   .            f - +0 pair of gloves
SInv    .            (no boots)
Will    ++...        (no amulet) Stlth
                     (no ring)
HPRegen 1.31/turn    (no ring)
MPRegen 0.10/turn

%: no passive effects
@: strong-willed (expiring), regenerating (expiring), invisible
A: horns 2, retaliatory headbutt
a: Renounce Religion, Berserk, Trog's Hand


You were on level 6 of the Dungeon.
You worshipped Trog.
Trog was pleased with you.
You visited 1 branch of the dungeon, and saw 6 of its levels.

You collected 310 gold pieces.

Inventory:

Hand Weapons
 a - a +0 hand axe
 q - a +3 halberd of freezing (weapon)
Armour
 b - a +0 animal skin
 d - a +0 chain mail of cold resistance (worn)
 f - a +0 pair of gloves (worn)
 v - a +0 ring mail
Wands
 n - a wand of iceblast (5)
Scrolls
 e - 4 scrolls of identify
 g - a scroll of enchant weapon
 h - 2 scrolls of revelation
 r - 2 scrolls of teleportation
 t - a scroll of fog
Potions
 c - 2 potions of magic
 i - 2 potions of mutation {unknown}
 j - a potion of heal wounds {unknown}
 k - 2 potions of haste {unknown}
 l - a potion of degeneration {unknown}
 m - a potion of ambrosia {unknown}
 o - 2 potions of curing {unknown}
 p - a potion of might {unknown}
 s - a potion of invisibility


   Skills:
 + Level 6.8 Fighting
 - Level 4.3(5.4) Axes
 + Level 5.0(5.8) Polearms
 + Level 6.2 Armour
 + Level 5.6 Dodging


You had 7 spell levels left.
You didn't know any spells.
Your spell library was empty.

Dungeon Overview and Level Annotations

Branches:
Dungeon (6/15)
 Temple: D:4-7

Altars:
Cheibriados
Nemelex Xobeh
Yredelemnul
Zin
The Shining One

Annotations:
D:5 3 runed translucent doors, LnG's ghost, novice KoSu
D:6 Menkaure


Innate Abilities, Weirdness & Mutations

You have a pair of horns on your head.
You reflexively headbutt those who attack you in melee.


Message History

Menkaure is nearby!
Found a spear.
Found a stone staircase leading down.
An ice beast comes into view.
An orc comes into view. It is wielding a +0 mace.
Menkaure calls on the powers of darkness!
The ice beast convulses!
Your body is wracked with pain!
Menkaure gestures at you while chanting.
You struggle to resist.
Menkaure casts a spell at you.
You struggle to resist.
You're still recovering from your berserk rage.
You're still recovering from your berserk rage.
You fade into invisibility!
Menkaure casts a spell at you. Pain shoots through your body!
The ice beast closely misses you.
Okay, then.
Your skin crawls.
You feel strong-willed.
You recover from your berserk rage.
The ice beast hits you but does no damage.
The orc closely misses you. You furiously retaliate!
You headbutt the orc.
Menkaure calls on the powers of darkness!
The ice beast convulses!
Your body is wracked with pain!
* * * LOW HITPOINT WARNING * * *
Menkaure mumbles some strange words.
Menkaure seems to speed up.
Menkaure calls on the powers of darkness!
The ice beast convulses!
Your body is wracked with pain!
* * * LOW HITPOINT WARNING * * *
You feel the effects of Trog's Hand fading.
Menkaure shouts, "Why can't you leave me to my rest?"
Menkaure giggles, "These cerements are ticklish..."
Menkaure hits you!
* * * LOW HITPOINT WARNING * * *
You slash Menkaure! You freeze Menkaure.
Menkaure is heavily damaged.
Menkaure barely misses you. You furiously retaliate!
You headbutt Menkaure! You barely miss Menkaure. You headbutt Menkaure.
Menkaure is almost destroyed.
Menkaure closely misses you. Menkaure hits you!
You die...

................# ###
...###.....####.## #..
.#.##.Yo...##...######.
#♣.
..>....................
#..
##.###.....##..)######
#♣. #.
##...####......... ## .
##.##...######### #)
#oYM...# #. ####@..# #.
##.## #. #.# ######.
#.# #...... #.# #.####.
#.#########.# #.
#........%..# #.
############# #. #.


You could see an ice beast (unable to see you), Menkaure (fast) and an orc
(unable to see you).

Vanquished Creatures
  Eustachio (D:6)
  An ice beast (D:5)
  A black bear (D:5)
  2 ogres
  A phantom (D:5)
  An orc priest (D:6)
  4 hounds
  A jelly (D:5)
  3 iguanas
  Ijyb (D:4)
  5 orc wizards
  4 gnolls (D:3)
  4 adders
  A white imp (D:5)
  2 ufetubi
  A ribbon worm (D:3)
  2 dart slugs
  18 orcs
  2 ball pythons (D:1)
  6 endoplasms
  A giant cockroach (D:2)
  3 goblins
  4 hobgoblins
  A jackal (D:3)
  7 kobolds
  2 quokkas (D:3)
  5 bats
  4 frilled lizards
  5 rats
93 creatures vanquished.

Notes
Turn   | Place    | Note
-------+----------+-------------------------------------------
     0 | D:1      | Liquidunit the Minotaur Berserker began the quest for the
                  | Orb.
     0 | D:1      | Reached XP level 1. HP: 19/19 MP: 0/0
    13 | D:1      | Found a faded altar of an unknown god.
   346 | D:1      | Reached XP level 2. HP: 27/27 MP: 1/1
  1459 | D:2      | Reached XP level 3. HP: 33/33 MP: 2/2
  1757 | D:3      | Reached XP level 4. HP: 40/40 MP: 3/3
  1772 | D:3      | HP: 2/40 [gnoll/+0 club (5)]
  2485 | D:3      | Found a snail-covered altar of Cheibriados.
  2516 | D:3      | Reached skill level 1 in Polearms
  2566 | D:3      | Found a basalt altar of Yredelemnul.
  2692 | D:3      | Found a sparkling altar of Nemelex Xobeh.
  2810 | D:3      | Reached ** piety under Trog
  2975 | D:4      | Reached XP level 5. HP: 44/47 MP: 4/4
  3101 | D:4      | Noticed an ogre
  3105 | D:4      | Killed an ogre
  3106 | D:4      | Reached skill level 5 in Fighting
  3278 | D:4      | Reached XP level 6. HP: 56/56 MP: 5/5
  3521 | D:4      | Noticed Ijyb
  3528 | D:4      | Killed Ijyb
  3879 | D:4      | Upgraded the game from 0.30-a0-509-gd016549fea to
                  | 0.31-a0-222-gefeffbb62a
  3906 | D:5      | Entered Level 5 of the Dungeon
  3994 | D:5      | Identified the +0 sling of Fimbulwinter {flame, Contam rN+
                  | Int+3}
  4012 | D:5      | Identified the +1 pair of boots "Qenk" {rF+ Str+3 Dex-5}
  4017 | D:5      | Reached skill level 5 in Armour
  4017 | D:5      | Reached XP level 7. HP: 62/62 MP: 6/6
  4047 | D:5      | Upgraded the game from 0.31-a0-222-gefeffbb62a to
                  | 0.32-a0-433-g08bcfe7efd
  4301 | D:5      | Found a glowing silver altar of Zin.
  4426 | D:5      | Noticed LnG's ghost (novice KoSu)
  4457 | D:5      | Found a runed translucent gate.
  4457 | D:5      | Found a runed translucent gate.
  4457 | D:5      | Found a runed translucent gate.
  4481 | D:5      | Reached skill level 5 in Dodging
  5132 | D:6      | Found a glowing golden altar of the Shining One.
  5191 | D:6      | Noticed Eustachio
  5198 | D:6      | Killed Eustachio
  5199 | D:6      | Reached skill level 5 in Polearms
  5199 | D:6      | Reached XP level 8. HP: 71/71 MP: 7/7
  5230 | D:6      | Noticed Menkaure
  5249 | D:6      | Slain by Menkaure

Illustrated notes

Levels and vault maps discovered:
D:1:      onia_arrival_pyramid, layout_basic, basic_ecumenical_altar
D:2:      layout_loops_ring
D:3:      layout_basic, mainiacjoe_overflow_swirl, chei_slow_surprise,
          minmay_box_of_dots
D:4:      layout_basic, hangedman_decor_push, uniq_ijyb
D:5:      minmay_spotlight, layout_cave_pools, mainiacjoe_overflow_chevrons,
          gammafunk_ghost_icy, grunt_ministairs_5
D:6:      layout_loops_ring, lemuel_tele_altar, tso_altar, minivault_1,
          uniq_crazy_yiuf_cottage, uniq_eustachio, uniq_menkaure

Skill      XL: |  1  2  3  4  5  6  7 |
---------------+----------------------+-----
Axes           | 4 |  4.3
Fighting       | 4 5 6 |  6.8
Armour         | 3 4 5 6 |  6.2
Dodging        | 3 4 5 |  5.6
Polearms       | 1 2 3 5 |  5.0

Action                     |  1- 3 |  4- 6 |  7- 9 || total
---------------------------+-------+-------+-------++-------
  Melee: Hand axe          |    58 |       |       ||    58
         Headbutt          |     9 |     3 |     7 ||    19
         Halberd           |       |    81 |    52 ||   133
 Invoke: Berserk           |     2 |     2 |     3 ||     7
         Trog's Hand       |       |       |     1 ||     1
    Use: Scroll            |       |     9 |     1 ||    10
         Potion            |       |       |     1 ||     1
   Stab: Sleeping          |     2 |     1 |       ||     3
 Armour: Animal skin       |     8 |    11 |       ||    19
         Ring mail         |       |    16 |    33 ||    49
         Chain mail        |       |       |    12 ||    12
  Dodge: Dodged            |    39 |    52 |    39 ||   130

Table legend: (Time is in decaauts)
 A = Elapsed time spent in this place.
 B = Non-inter-level travel time spent in this place.
 C = Inter-level travel time spent in this place.
 D = Time resting spent in this place.
 E = Time spent auto-exploring this place.
 F = Levels seen in this place.
 G = Mean time per level.
                   A        B        C        D        E       F      G
               +--------+--------+--------+--------+--------+-----+--------+
         Total |   5366 |   5115 |    251 |   1206 |   3271 |   6 |  894.3 |
       Dungeon |   5366 |   5115 |    251 |   1206 |   3271 |   6 |  894.3 |
               +--------+--------+--------+--------+--------+-----+--------+

Top non-repeatable levels by time:
     D:3: 1454 daAuts
     D:5: 1209 daAuts
     D:4: 961 daAuts
     D:1: 955 daAuts
     D:2: 594 daAuts
     D:6: 191 daAuts
